 Dungeon Crawl Stone Soup version 0.30-a0-1018-g25214051b3 (webtiles) character file.

Game seed: 16789119340436028246

8733 porpoise the Skirmisher (level 11, -6/57 HPs)
             Began as a Tengu Hexslinger on Apr 8, 2023.
             Was an Elder of Hepliaklqana.
             Mangled by a two-headed ogre
             ... wielding a +0 great mace
              (18 damage)
             ... on level 10 of the Dungeon.
             The game lasted 00:29:13 (9703 turns).

porpoise the Skirmisher (Tengu Hexslinger)          Turns: 9703, Time: 00:29:13

Health: -6/57      AC: 15    Str: 11    XL:     11   Next: 35%
Magic:  13/13      EV: 17    Int: 15    God:    Hepliaklqana [****..]
Gold:   138        SH:  0    Dex: 19    Spells: 11/12 levels left

rFire   . . .      SeeInvis .    H - +0 shortbow
rCold   . . .      Faith    .    (shield currently unavailable)
rNeg    . . .      Spirit   .    d - +1 ring mail
rPois   .          Reflect  .    (helmet restricted)
rElec   +          Rampage  .    (no cloak)
rCorr   .                        (no gloves)
Will    .....                    (boots unavailable)
Stlth   ++                       M - amulet of regeneration
HPRegen 1.09/turn                f - +4 ring of protection
MPRegen 0.13/turn                q - ring of Lilacs {rElec AC+4 Int+2}

@: flying quickly and evasively, quick
A: reduced essence, beak, talons 3, nimble flight
a: Renounce Religion, Recall Ancestor, Ancestor Identity, Transference, Idealise


You were on level 10 of the Dungeon.
You worshipped Hepliaklqana.
Hepliaklqana was greatly pleased with you.
You visited 2 branches of the dungeon, and saw 11 of its levels.
You also visited: Sewer.

You collected 588 gold pieces.
You spent 450 gold pieces at shops.

Inventory:

Hand Weapons
 a - a +1 sling
 b - the +10 spear of Freehold {flame, rN+++ Int-2 SInv}
   (You found it on level 2 of the Dungeon)

   Int:       It affects your intelligence (-2).
   rN:        It renders you almost immune to negative energy.
   SInv:      It lets you see invisible.
 w - a +2 scimitar of flaming
 H - a +0 shortbow (weapon)
Missiles
 e - 5 atropa-tipped darts
 h - 4 javelins
 i - 38 poisoned darts
 A - 4 curare-tipped darts
 C - 2 throwing nets
Armour
 c - a +0 robe
 d - a +1 ring mail (worn)
 O - +0 steam dragon scales
Jewellery
 f - a +4 ring of protection (left hand)
 q - the ring of Lilacs (right hand) {rElec AC+4 Int+2}
   (You found it on level 3 of the Dungeon)

   [ring of protection]

   AC:        It affects your AC (+4).
   Int:       It affects your intelligence (+2).
   rElec:     It insulates you from electricity.
 L - a +4 ring of protection
 M - an amulet of regeneration (around neck)
Wands
 l - a wand of digging (5)
 u - a wand of flame (62)
 z - a wand of mindburst (18)
Scrolls
 j - 3 scrolls of amnesia
 k - 3 scrolls of poison
 m - a scroll of silence {unknown}
 n - 6 scrolls of enchant armour
 o - a scroll of vulnerability
 r - 3 scrolls of magic mapping
 s - a scroll of fear
 x - 2 scrolls of immolation
 y - 2 scrolls of fog
 E - a scroll of enchant weapon {unknown}
 J - 2 scrolls of teleportation
 K - a scroll of noise {unknown}
Potions
 g - 2 potions of ambrosia
 p - 4 potions of mutation
 t - 4 potions of haste
 v - 5 potions of curing
 B - 3 potions of magic
 D - 2 potions of resistance
 F - a potion of brilliance
 G - 2 potions of heal wounds
 I - a potion of attraction
 N - a potion of cancellation {unknown}
 P - a potion of berserk rage {unknown}


   Skills:
 + Level 5.8 Fighting
 * Level 13.7 Ranged Weapons
 - Level 7.0 Armour
 - Level 7.0 Dodging
 - Level 5.0 Stealth
 - Level 1.0 Spellcasting
 - Level 2.1 Hexes
 + Level 2.5 Invocations


You had 11 spell levels left.
You knew the following spells:

 Your Spells              Type           Power      Damage    Failure   Level
a - Slow                  Hex            28%        N/A       22%         1

Your spell library contained the following spells:

 Spells                   Type           Power      Damage    Failure   Level
 Apportation              Tloc           0%         N/A       45%         1
 Necrotise                Necr           0%         1d4       45%         1
 Shock                    Conj/Air       0%         1d3       45%         1
 Summon Small Mammal      Summ           0%         N/A       45%         1
 Tukima's Dance           Hex            7%         N/A       54%         3
 Scorch                   Fire           0%         2d5       61%         2
 Inner Flame              Hex/Fire       4%         N/A       69%         3
 Portal Projectile        Hex/Tloc       8%         N/A       69%         3
 Swiftness                Air            0%         N/A       83%         3
 Cause Fear               Hex            3%         N/A       91%         4
 Airstrike                Air            0%         2d(0-16)  99%         4
 Flame Wave               Conj/Fire      0%         2d4       99%         4
 Passage of Golubria      Tloc           0%         N/A       99%         4
 Alistair's Intoxication  Tmut/Pois      0%         N/A       100%        5
 Fireball                 Conj/Fire      0%         3d3       100%        5
 Iskenderun's Battlesphe  Conj           0%         2d6       100%        5
 Yara's Violent Unravell  Hex/Tmut       2%         3d3       100%        5
 Conjure Ball Lightning   Conj/Air       0%         3x3d6     100%        6
 Summon Cactus Giant      Summ           0%         N/A       100%        6
 Orb of Destruction       Conj           0%         9d5       100%        7


Dungeon Overview and Level Annotations

Branches:
Dungeon (10/15)            Temple (1/1) D:4           Sewer (visited)
   Lair: D:8-11         Orc: D:9-12

Altars:
Ashenzari
Cheibriados
Dithmenos
Elyvilon
Fedhas
Gozag
Hepliaklqana
Kikubaaqudgha
Makhleb
Nemelex Xobeh
Okawaru
Qazlal
Sif Muna
Uskayaw
Vehumet
Wu Jian
Xom
Yredelemnul
Zin
The Shining One

Shops:
D:6 =   D:8 (   D:9 =


Innate Abilities, Weirdness & Mutations

Your life essence is reduced to manifest your ancestor. (-10% HP)
You have a beak for a mouth.
You have claws for feet.
Your magical nature lets you fly swiftly and evasively.


Message History

HP restored.
n - 6 scrolls of enchant armour (gained 1)
Found a rapier.
Found 4 stones.
You now have 134 gold pieces (gained 19).
The green ugly thing gurgles horribly!
P - a dark potion
Okay, then.
As you open the door, it creaks loudly!
Found 4 gold pieces.
Found 7 stones.
There is an open door here.
Found a stone staircase leading up.
You now have 138 gold pieces (gained 4).
You reach down and open the door.
There is an open door here.
A two-headed ogre comes into view.
It is wielding a +0 great mace and a +0 giant club.
Found a stone staircase leading up.
A two-headed ogre is nearby!
You shoot an arrow.
The arrow hits the two-headed ogre but does no damage.
You shoot an arrow. The arrow hits the two-headed ogre!
The two-headed ogre is lightly wounded.
You shoot an arrow. The arrow hits the two-headed ogre!
The two-headed ogre is moderately wounded.
You shoot an arrow. The arrow hits the two-headed ogre!
The two-headed ogre is heavily wounded.
You shoot an arrow.
The arrow hits the two-headed ogre but does no damage.
The two-headed ogre is heavily wounded.
You shoot an arrow. The arrow hits the two-headed ogre.
The two-headed ogre is heavily wounded.
The two-headed ogre hits you with a +0 great mace!!
The two-headed ogre closely misses you.
You shoot an arrow.
The arrow closely misses the two-headed ogre.
The two-headed ogre hits you with a +0 great mace!!
* * * LOW HITPOINT WARNING * * *
The two-headed ogre hits you with a +0 giant club!!
You die...

#.... #.... #.<.^
#.... #.... #....
#.O####
######.@..##
#..........#
#.....<....########
#..........'......#
#..........########
#..........#
#..........#
#..........#
#.(........# ####


You could see a two-headed ogre.

Vanquished Creatures
  Grinder (D:6)
  2 yaks (D:8)
  2 wyverns
  2 steam dragons (D:9)
  2 water moccasins (D:7)
  3 sky beasts
  3 ice beasts (D:7)
  An orc warrior (D:9)
  2 black bears
  5 ogres
  3 centaurs
  2 phantoms (D:7)
  4 kobold brigands (Sewer)
  A bullfrog (D:7)
  4 scorpions
  4 wights (D:7)
  Dowan (D:6)
  6 killer bees
  A howler monkey (D:6)
  3 hounds
  4 orc priests
  3 gnoll boudas
  3 jellies
  2 sleepcaps
  10 iguanas
  Ijyb (D:5)
  7 orc wizards
  A mummy (D:7)
  23 gnolls
  6 adders
  2 river rats (Sewer)
  2 shadow imps (D:7)
  4 white imps
  An ufetubus (D:7)
  6 worms
  A dart slug (D:4)
  19 orcs
  8 ball pythons
  9 endoplasms
  5 giant cockroaches
  5 hobgoblins
  8 jackals
  2 quokkas
  13 bats
  6 frilled lizards
  12 goblins
  9 kobolds
  3 kobold zombies (D:7)
  7 rats
234 creatures vanquished.

Vanquished Creatures (collateral kills)
  Erica (D:8)
  A two-headed ogre (D:8)
  A cyclops (D:7)
  A wraith (D:9)
  6 yaks (D:8)
  Duvessa (D:6)
  An acid dragon (D:9)
  A sky beast (D:7)
  A centaur (D:6)
  A kobold brigand (Sewer)
  A scorpion (D:6)
  4 killer bees
  2 orc priests (D:8)
  An orc wizard (D:8)
  A gnoll (D:8)
  2 orcs
  A ball python (Sewer)
  An endoplasm (Sewer)
  A quokka (D:6)
  An orc zombie (D:7)
  A rat (Sewer)
31 creatures vanquished.

Vanquished Creatures (others)
  3 ancestors (D:7)
3 creatures vanquished.

Grand Total: 268 creatures vanquished

Notes
Turn   | Place    | Note
-------+----------+-------------------------------------------
     0 | D:1      | porpoise the Tengu Hexslinger began the quest for the Orb.
     0 | D:1      | Reached XP level 1. HP: 12/12 MP: 3/3
   135 | D:1      | Reached XP level 2. HP: 16/16 MP: 4/4
   343 | D:1      | Reached skill level 1 in Stealth
   419 | D:1      | Reached XP level 3. HP: 21/21 MP: 5/5
   732 | D:2      | Identified the +10 spear of Freehold {flame, rN+++ Int-2
                  | SInv}
   745 | D:2      | Reached skill level 3 in Ranged Weapons
  1114 | D:2      | Reached XP level 4. HP: 26/27 MP: 6/6
  1456 | D:3      | Identified the ring of Lilacs {rElec AC+4 Int+2}
  1972 | D:4      | Found a staircase to the Ecumenical Temple.
  1977 | Temple   | Entered the Ecumenical Temple
  2149 | Temple   | Became a worshipper of Hepliaklqana the Forgotten
  2182 | D:4      | Gained mutation: Your magical nature lets you fly swiftly
                  | and evasively. [Tengu growth]
  2182 | D:4      | Reached XP level 5. HP: 30/32 MP: 7/7
  2190 | D:4      | Reached skill level 4 in Ranged Weapons
  2309 | D:4      | Noticed an ogre
  2311 | D:4      | Killed an ogre
  2312 | D:4      | Reached XP level 6. HP: 36/37 MP: 8/8
  2425 | D:4      | Noticed a black bear
  2443 | D:4      | Killed a black bear
  2444 | D:4      | Reached skill level 5 in Ranged Weapons
  2611 | D:4      | Reached XP level 7. HP: 44/44 MP: 9/9
  3119 | D:5      | Entered Level 5 of the Dungeon
  3165 | D:5      | Reached skill level 5 in Fighting
  3165 | D:5      | Reached skill level 6 in Ranged Weapons
  3350 | D:5      | Reached XP level 8. HP: 48/49 MP: 10/10
  3365 | D:5      | Found a sparkling altar of Nemelex Xobeh.
  3405 | D:5      | Reached * piety under Hepliaklqana
  3507 | D:5      | Reached skill level 7 in Ranged Weapons
  3786 | D:5      | Noticed Ijyb
  3794 | D:5      | Killed Ijyb
  3917 | D:6      | Noticed Duvessa
  3917 | D:6      | Noticed Dowan
  3924 | D:6      | Killed Duvessa
  3926 | D:6      | Killed Dowan
  3927 | D:6      | Reached skill level 5 in Stealth
  3984 | D:6      | Found Fevadgh's Jewellery Boutique.
  4016 | D:6      | Found a glowing drain.
  4033 | Sewer    | Entered a sewer
  4226 | Sewer    | Reached skill level 8 in Ranged Weapons
  4226 | Sewer    | Reached skill level 1 in Armour
  4546 | Sewer    | Reached XP level 9. HP: 45/48 MP: 11/11
  4838 | D:6      | Noticed Grinder
  4850 | D:6      | Killed Grinder
  4851 | D:6      | Reached skill level 9 in Ranged Weapons
  4851 | D:6      | Reached skill level 5 in Dodging
  5179 | D:6      | Reached ** piety under Hepliaklqana
  5850 | D:7      | Reached skill level 10 in Ranged Weapons
  5990 | D:7      | Reached XP level 10. HP: 50/53 MP: 12/12
  6010 | D:7      | Found a burning altar of Makhleb.
  6012 | D:7      | Found an ancient bone altar of Kikubaaqudgha.
  6023 | D:7      | Reached skill level 5 in Armour
  6024 | D:7      | Found a snail-covered altar of Cheibriados.
  6072 | D:7      | Reached skill level 11 in Ranged Weapons
  6098 | D:7      | Remembered your ancestor Nikki as a knight
  6614 | D:7      | Noticed a cyclops
  6622 | D:7      | Killed a cyclops
  7310 | D:8      | Reached skill level 12 in Ranged Weapons
  7606 | D:8      | Found Zirinef's Weapon Emporium.
  7777 | D:8      | Noticed Erica
  7791 | D:8      | Killed Erica
  7792 | D:8      | Reached skill level 13 in Ranged Weapons
  8026 | D:8      | Reached XP level 11. HP: 56/56 MP: 13/13
  8036 | D:8      | Reached skill level 1 in Invocations
  8374 | D:9      | Noticed a two-headed ogre
  8384 | D:8      | Killed a two-headed ogre
  8506 | D:9      | Reached *** piety under Hepliaklqana
  8567 | D:9      | Found Jeqaasun's Jewellery Shop.
  8575 | D:9      | Bought an amulet of regeneration for 450 gold pieces
  9285 | D:9      | Reached **** piety under Hepliaklqana
  9629 | D:10     | Entered Level 10 of the Dungeon
  9661 | D:10     | Noticed a two-headed ogre
  9668 | D:10     | Noticed an ogre mage
  9669 | D:10     | Noticed a green ugly thing
  9696 | D:10     | Noticed a two-headed ogre
  9703 | D:10     | Mangled by a two-headed ogre

Illustrated notes

Levels and vault maps discovered:
D:1:      roderic_dead_forest, layout_loops_ring
D:2:      layout_basic, grunt_decor_one_mirror, serial_park_tiny_2,
          serial_park_tiny_pond, minmay_misc_feat_encased
D:3:      layout_basic, st_stairs_10, dk_vineyard_3,
          minmay_fractal_squares_diagonal_5
D:4:      layout_basic, temple_doors_e, minmay_misc_feat_doors,
          grunt_decor_fettered, kennysheep_cluttered_room, hex_medium
D:5:      layout_loops_cross, nemelex_dance_club_becter, uniq_ijyb
D:6:      layout_loops_ring, portal_sewer_entry_f, serial_shops, shop_fountains,
          st_stairs_11, kennysheep_generic_room_2, uniq_grinder, uniq_duvessa
D:7:      minmay_the_grid_octo_tiled_squarecenter
          [minmay_the_grid_octo_vomiting_pacman, minmay_the_grid_octo_toaster,
          minmay_the_grid_octo_checkered, minmay_the_grid_octo_fat_diamond,
          minmay_the_grid_square_5x5_megaprize_hollow,
          minmay_the_grid_square_5x5_tie,
          minmay_the_grid_square_5x5_half_checkered,
          minmay_the_grid_square_5x5_one_wall,
          minmay_the_grid_square_5x5_three_walls], layout_loops_ring,
          minmay_mini_ossuary
D:8:      layout_basic, serial_shops, nicolae_shop_bloodbath_and_beyond,
          uniq_erica
D:9:      layout_stronghold, serial_shops, shop
D:10:     layout_roguey, kennysheep_mini, lemuel_coloured_pillars_altar,
          david_lair_generic, minmay_fractal_squares_gapless_7
Temple:   compressed_dpeg_triangle_lava_temple

Skill      XL: |  1  2  3  4  5  6  7  8  9 10 11 |
---------------+----------------------------------+-----
Stealth        | 1 2 3 4 5 |  5.0
Fighting       | 2 3 4 5 |  5.8
Ranged Weapons | 3 4 5 6 8 10 13 | 13.7
Dodging        | 4 6 7 |  7.0
Armour         | 2 4 7 |  7.0
Invocations    | 2 |  2.5
Spellcasting   | |  1.0
Hexes          | |  2.1

Action                     |  1- 3 |  4- 6 |  7- 9 | 10-12 || total
---------------------------+-------+-------+-------+-------++-------
  Melee: Spear             |    19 |    63 |   225 |   110 ||   417
         Peck              |     1 |     8 |    22 |     9 ||    40
         Kick              |       |     5 |    36 |    23 ||    64
         Punch             |       |     2 |       |       ||     2
   Fire: Sling             |    81 |    43 |    18 |       ||   142
         Shortbow          |       |       |       |   192 ||   192
 Invoke: Recall Ancestor   |       |       |     3 |     2 ||     5
         Ancestor Identity |       |       |     2 |       ||     2
         Ancestor Life: Kn |       |       |       |     1 ||     1
    Use: Scroll            |     1 |     4 |     7 |     9 ||    21
   Stab: Sleeping          |       |       |    12 |     7 ||    19
         Distracted        |       |       |     1 |     1 ||     2
 Armour: Ring mail         |    29 |    14 |    48 |    31 ||   122
  Dodge: Dodged            |    25 |    30 |    97 |    72 ||   224

Table legend: (Time is in decaauts)
 A = Elapsed time spent in this place.
 B = Non-inter-level travel time spent in this place.
 C = Inter-level travel time spent in this place.
 D = Time resting spent in this place.
 E = Time spent auto-exploring this place.
 F = Levels seen in this place.
 G = Mean time per level.
                   A        B        C        D        E       F      G
               +--------+--------+--------+--------+--------+-----+--------+
         Total |   9265 |   9022 |    243 |   1425 |   5855 |  12 |  772.1 |
       Dungeon |   8382 |   8179 |    203 |   1260 |   5400 |  10 |  838.2 |
        Temple |    191 |    151 |     40 |      0 |    120 |   1 |  191.0 |
         Sewer |    691 |    691 |      0 |    165 |    335 |   1 |  691.0 |
               +--------+--------+--------+--------+--------+-----+--------+

Top non-repeatable levels by time:
     D:8: 1358 daAuts
     D:7: 1332 daAuts
     D:9: 1042 daAuts
     D:6: 978 daAuts
     D:4: 887 daAuts
     D:1: 742 daAuts
     D:5: 708 daAuts
     D:3: 701 daAuts
   Sewer: 691 daAuts
     D:2: 562 daAuts
  Temple: 191 daAuts
    D:10: 68 daAuts
